 Dungeon Crawl Stone Soup version 0.23.2-30-g0e89c35649 (webtiles) character file.

Game seed: 5295663477612090706

62522 Kinoniko the Fencer (level 14, -5/121 HPs)
             Began as a Demonspawn Gladiator on June 9, 2019.
             Was the Champion of Makhleb.
             Killed by divine providence
             ... invoked by Saint Roka
              (12 damage)
             ... on level 2 of the Orcish Mines.
             The game lasted 01:34:09 (23334 turns).

Kinoniko the Fencer (Demonspawn Gladiator)         Turns: 23334, Time: 01:34:10

Health: -5/121     AC: 23    Str: 19    XL:     14   Next: 64%
Magic:  20/20      EV: 21    Int: 11    God:    Makhleb [******]
Gold:   1959       SH:  0    Dex: 24    Spells: 13/13 levels left

rFire    . . .     SeeInvis .   B - +9 scimitar
rCold    + . .     Gourm    .   (no shield)
rNeg     . . .     Faith    .   x - +2 scale mail {rC+}
rPois    .         Spirit   .   (helmet unavailable)
rElec    .         Reflect  .   L - +2 cloak {MR+}
rCorr    .         Harm     .   o - +2 pair of gloves {Dex+3}
MR       ++...                  G - +2 pair of boots
Stlth    +.........             R - amulet of rage
HPRegen  0.30/turn              q - +3 ring of evasion
MPRegen  0.17/turn              i - +5 ring of dexterity

@: no status effects
A: hooves 2, horns 3, rugged brown scales 2, agile 1, demonic guardian 1, foul
stench 1, rot immunity
a: Minor Destruction, Lesser Servant of Makhleb, Major Destruction, Greater
Servant of Makhleb, Renounce Religion, Evoke Berserk Rage


You were on level 2 of the Orcish Mines.
You worshipped Makhleb.
Makhleb was exalted by your worship.
You were not hungry.

You visited 3 branches of the dungeon, and saw 22 of its levels.
You also visited: Ossuary.

You collected 1959 gold pieces.

Inventory:

Hand Weapons
 b - a +2 vampiric great sword
 B - a +9 scimitar (weapon)
Missiles
 d - 6 throwing nets (quivered)
Armour
 l - a +0 shield
 o - a +2 pair of gloves of dexterity (worn)
 x - a +2 scale mail of cold resistance (worn)
 y - a +1 cloak
 G - a +2 pair of boots (worn)
 L - a +2 cloak of magic resistance (worn)
Jewellery
 c - an uncursed amulet of magic regeneration
 h - an uncursed ring of protection from magic
 i - a +5 ring of dexterity (right hand)
 q - a +3 ring of evasion (left hand)
 w - an uncursed ring of wizardry
 M - an uncursed ring of protection from magic
 O - a cursed -4 ring of evasion
 R - an amulet of rage (around neck)
 W - a cursed -3 ring of dexterity
 X - a cursed -5 ring of dexterity
 Z - an uncursed ring of protection from magic
Wands
 a - a wand of iceblast (9)
 g - a wand of clouds (6)
 j - a wand of flame (98)
 m - a wand of acid (10)
 r - a wand of scattershot (24)
 s - a wand of enslavement (11)
 u - a wand of polymorph (8)
 A - a wand of paralysis (16)
Scrolls
 e - 5 scrolls of random uselessness
 k - 14 scrolls of remove curse
 p - 10 scrolls of teleportation
 t - 2 scrolls of enchant armour
 v - 3 scrolls of fear
 E - 2 scrolls of fog
 K - 2 scrolls of magic mapping
 N - 3 scrolls of identify
Potions
 n - 2 potions of degeneration
 z - 4 potions of mutation
 C - a potion of resistance
 J - 3 potions of brilliance
 S - 3 potions of flight
Comestibles
 f - 24 rations


   Skills:
 * Level 12.5 Fighting
 * Level 15.0 Long Blades
 - Level 1.8 Throwing
 * Level 10.4 Armour
 * Level 9.1 Dodging
 * Level 8.3 Invocations


You had 13 spell levels left.
You didn't know any spells.
Your spell library contained the following spells:

 Spells                   Type           Power        Failure   Level  Hunger
 Corona                   Hex            #......      65%         1    ##.....
 Freeze                   Ice            #...         65%         1    ##.....
 Magic Dart               Conj           #...         65%         1    ##.....
 Blink                    Tloc           N/A          78%         2    ###....
 Call Imp                 Summ           #.......     78%         2    ###....
 Ensorcelled Hibernation  Hex/Ice        #.....       78%         2    ###....
 Searing Ray              Conj           #.....       78%         2    ###....
 Shroud of Golubria       Chrm/Tloc      #.........   78%         2    ###....
 Slow                     Hex            #.......     78%         2    ###....
 Throw Frost              Conj/Ice       #.....       78%         2    ###....
 Confuse                  Hex            #.......     95%         3    ####...
 Conjure Flame            Conj/Fire      #.......     95%         3    ####...
 Dazzling Spray           Conj/Hex       #.....       95%         3    ####...
 Gell's Gravitas          Tloc           #.........   95%         3    ####...
 Lesser Beckoning         Tloc           #.........   95%         3    ####...
 Mephitic Cloud           Conj/Pois/Air  #.......     95%         3    ####...
 Ozocubu's Armour         Chrm/Ice       #.......     95%         3    ####...
 Teleport Other           Tloc           #.......     95%         3    ####...
 Tukima's Dance           Hex            #.......     95%         3    ####...
 Force Lance              Conj/Tloc      #.......     100%        4    #####..
 Fulminant Prism          Conj/Hex       #.........   100%        4    #####..
 Iskenderun's Mystic Bla  Conj           #.......     100%        4    #####..
 Passage of Golubria      Tloc           N/A          100%        4    #####..
 Summon Ice Beast         Ice/Summ       #.......     100%        4    #####..
 Throw Icicle             Conj/Ice       #.......     100%        4    #####..


Dungeon Overview and Level Annotations

Branches:
Dungeon (15/15)            Temple (0/1) D:7            Lair (5/6) D:10
 Shoals (0/4) Lair:2       Spider (0/4) Lair:2        Slime (0/5) Lair:5
    Orc (2/2) D:10            Elf (0/3) Orc:2        Vaults (0/5) D:13
 Depths (0/5) D:15

Altars:
Ashenzari
Elyvilon
Kikubaaqudgha
Makhleb
Nemelex Xobeh
Okawaru
Qazlal
Sif Muna
Uskayaw
Vehumet
Wu Jian
Zin
The Shining One
Jiyva

Annotations:
Lair:5 2 transporters, Laem's ghost, journeyman DrFE
Orc:2 Saint Roka


Innate Abilities, Weirdness & Mutations

You have a pair of large horns on your head.
You are mostly covered in rugged brown scales. (AC +2, +5% HP)
A weak demonic guardian rushes to your aid.
You may emit foul miasma when damaged in melee.
You are immune to rotting.
You have hoof-like feet.
You are agile. (Dex +2)


Message History

a +0 glaive; a +0 arbalest; 18 bolts; an orc corpse Saint Roka invokes the aid of Beogh against you.
Beogh smites you!
* * * LOW HITPOINT WARNING * * *
Your neqoxec hits Saint Roka but does no damage.
Saint Roka calls down the wrath of Beogh upon you.
Beogh smites you!
* * * LOW HITPOINT WARNING * * *
Your neqoxec gestures.
Items here: (( ))) [[
Items here: ( )) [ a +0 short sword; a +0 plate armour; a +0 mace; 6 bolts
Items here: ((( ))))))))))) [[
Items here: (( ))) [
Things that are here:
a +0 broad axe; 18 bolts; a +0 arbalest You see here a bolt.
Saint Roka invokes the aid of Beogh against you.
Beogh smites you!
You die...

......#........##
.....##.......<.#
.....#..........##
)[)..............#
)[...............#
.<)[........#.#.##
..[[........#####
)..........(.##.###
)).........(....@.##
.....#....(#..#....#
.....##.....(.(##(##
..((..###$..)(((5)(#
(.#[...###...[(##o#####
..[(.(()(((.(()(35....## ##
..((.(.).....([)(...)..## #.##
##...###(.(##.o##..##...###...#
...≈≈# #≈≈.....)....##.(##$..#


You could see Saint Roka and a friendly quasit.

Vanquished Creatures
  Gastronok (Lair:1)
  Snorg (Lair:5)
  An ettin (Orc:2)
  A yaktaur captain (D:15)
  4 hydras
  Harold (D:7)
  3 centaur warriors
  4 two-headed ogres
  Sonja (Lair:5)
  An orc high priest (Orc:2)
  5 unseen horrors
  7 orc knights
  9 ugly things
  A cyclops (D:14)
  A deep elf mage (D:15)
  2 wolf spider zombies
  An orc sorcerer (Orc:2)
  A manticore (Lair:2)
  6 elephants (Lair:4)
  5 black mambas
  A centaur skeleton (D:15)
  2 rime drakes
  10 spiny frogs
  3 komodo dragons
  A yaktaur (D:15)
  5 trolls
  4 dream sheep (Lair:2)
  Prince Ribbit (D:7)
  7 blink frogs
  8 hippogriffs
  3 wraiths
  20 yaks
  5 vampires
  16 humans (D:13)
  5 wyverns
  A steam dragon (D:11)
  Edmund (D:5)
  4 hungry ghosts
  2 wargs (Orc:2)
  Duvessa (D:6)
  An acid dragon (D:11)
  33 orc warriors
  17 porcupines
  4 ice beasts
  12 water moccasins
  3 sky beasts
  A black bear (D:10)
  2 phantoms
  An eye of draining (D:13)
  A necrophage (D:13)
  9 centaurs
  7 ogres
  4 wolves (Lair:2)
  8 crocodiles
  2 big kobolds
  A gnoll sergeant (D:9)
  18 bullfrogs
  Dowan (D:6)
  A wyvern zombie (D:12)
  A wyvern skeleton (D:8)
  3 scorpions
  10 wights
  9 killer bees
  5 howler monkeys
  5 crimson imps
  2 centaur zombies
  A bullfrog zombie (D:11)
  2 quasits
  7 hounds
  4 jellies
  11 orc priests
  Jessica (D:3)
  11 worker ants
  7 iguanas
  28 orc wizards
  A hound zombie (D:5)
  A hound skeleton (D:9)
  A mummy (Ossuary)
  A worker ant zombie (D:5)
  11 gnolls
  12 adders
  A shadow imp (D:6)
  2 oozes
  2 adder skeletons
  6 worms
  A dart slug (D:3)
  4 leopard geckos
  95 orcs
  2 bat zombies (D:4)
  5 giant cockroaches
  5 goblins
  11 hobgoblins
  14 jackals
  15 kobolds
  2 quokkas
  A ball python (D:5)
  8 bats
  7 frilled lizards
  8 gnoll skeletons (Ossuary)
  7 kobold skeletons (Ossuary)
  A leopard gecko skeleton (D:4)
  10 orc skeletons (Ossuary)
  12 rats
  A rat zombie (D:4)
636 creatures vanquished.

Vanquished Creatures (collateral kills)
  A fire dragon (D:15)
  A wolf spider zombie (D:10)
  An ugly thing (D:15)
  A cyclops (D:11)
  2 spiny frogs (Lair:4)
  A troll (D:13)
  A spriggan (D:7)
  A warg (D:14)
  6 orc warriors
  A wolf (Lair:2)
  A phantom (D:6)
  An ogre (D:6)
  2 centaurs
  3 crocodiles
  2 bullfrogs
  2 howler monkeys
  A hound (D:7)
  3 orc priests
  A worker ant (D:3)
  2 gnolls (D:6)
  A shadow imp (D:6)
  7 orcs
  A jackal (D:6)
43 creatures vanquished.

Vanquished Creatures (others)
  A centaur (Orc:2)
  An orc (Orc:2)
  17 fungi (D:10)
  6 plants
25 creatures vanquished.

Grand Total: 704 creatures vanquished

Notes
Turn   | Place    | Note
-------+----------+-------------------------------------------
     0 | D:1      | Kinoniko the Demonspawn Gladiator began the quest for the
                  | Orb.
     0 | D:1      | Reached XP level 1. HP: 16/16 MP: 1/1
   162 | D:1      | Gained mutation: You are immune to rotting. [demonic
                  | ancestry]
   162 | D:1      | Reached XP level 2. HP: 17/22 MP: 2/2
   294 | D:1      | Reached skill level 3 in Long Blades
   958 | D:2      | Found a white marble altar of Elyvilon.
  1005 | D:2      | Found a glowing golden altar of the Shining One.
  1123 | D:2      | Reached XP level 3. HP: 19/27 MP: 3/3
  1852 | D:3      | Noticed Jessica
  1874 | D:3      | Killed Jessica
  1874 | D:3      | Reached skill level 1 in Armour
  1874 | D:3      | Gained mutation: You are partially covered in rugged brown
                  | scales. (AC +1, +3% HP) [demonic ancestry]
  1874 | D:3      | Reached XP level 4. HP: 17/35 MP: 4/4
  2043 | D:3      | Reached skill level 4 in Long Blades
  2331 | D:3      | Gained mutation: A weak demonic guardian rushes to your
                  | aid. [demonic ancestry]
  2331 | D:3      | Reached XP level 5. HP: 40/40 MP: 5/5
  2560 | D:3      | Found a shattered altar of Ashenzari.
  2759 | D:3      | Reached skill level 5 in Long Blades
  2853 | D:3      | Found a glowing silver altar of Zin.
  2952 | D:3      | Reached XP level 6. HP: 45/47 MP: 6/6
  3192 | D:3      | Found a stormy altar of Qazlal.
  3594 | D:4      | Reached skill level 6 in Long Blades
  3594 | D:4      | Reached XP level 7. HP: 52/53 MP: 7/7
  3647 | D:4      | Found an ornate altar of the Wu Jian Council.
  3738 | D:4      | Found an ancient bone altar of Kikubaaqudgha.
  4091 | D:5      | Entered Level 5 of the Dungeon
  4643 | D:5      | Got a dull robe
  4654 | D:5      | Identified the +3 robe of Iklopn {rC+ rN+} (You found it on
                  | level 5 of the Dungeon)
  4721 | D:5      | Noticed Edmund
  4757 | D:5      | Killed Edmund
  5128 | D:5      | Reached skill level 7 in Long Blades
  5513 | D:6      | Reached XP level 8. HP: 61/61 MP: 8/8
  5847 | D:6      | Gained mutation: You have large cloven feet. [potion of
                  | mutation]
  5847 | D:6      | Gained mutation: You have hoof-like feet. [potion of
                  | mutation]
  5847 | D:6      | Gained mutation: You are agile. (Dex +2) [potion of
                  | mutation]
  6379 | D:6      | Noticed Duvessa
  6383 | D:6      | Noticed Dowan
  6394 | D:6      | Killed Duvessa
  6399 | D:6      | Killed Dowan
  6430 | D:6      | Reached skill level 8 in Long Blades
  6659 | D:7      | Found a staircase to the Ecumenical Temple.
  6805 | D:7      | Reached skill level 5 in Fighting
  6813 | D:7      | Found a radiant altar of Vehumet.
  6823 | D:7      | Found an iron altar of Okawaru.
  6830 | D:7      | Got an amber-encrusted leather armour
  6831 | D:7      | Identified the +1 leather armour of the Griffon {+Blink MR+
                  | MP+9 Int-2} (You found it on level 7 of the Dungeon)
  6878 | D:7      | Gained mutation: You have a pair of small horns on your
                  | head. [demonic ancestry]
  6878 | D:7      | Reached XP level 9. HP: 44/70 MP: 9/9
  7042 | D:7      | Noticed Harold
  7065 | D:7      | Killed Harold
  7065 | D:7      | Reached skill level 9 in Long Blades
  7381 | D:7      | Found a burning altar of Makhleb.
  7389 | D:7      | Became a worshipper of Makhleb the Destroyer
  7512 | D:7      | Reached skill level 5 in Armour
  7517 | D:7      | Got a ripped robe
  7600 | D:7      | Identified the cursed +0 robe of Plog {-Cast +Fly rC+++
                  | rCorr} (You found it on level 7 of the Dungeon)
  7722 | D:7      | Noticed Prince Ribbit
  7727 | D:7      | Killed Prince Ribbit
  7727 | D:7      | Reached skill level 5 in Dodging
  8196 | D:8      | Reached skill level 10 in Long Blades
  8199 | D:8      | Reached * piety under Makhleb
  8199 | D:8      | Gained mutation: You have a pair of horns on your head.
                  | [demonic ancestry]
  8199 | D:8      | Reached XP level 10. HP: 64/78 MP: 10/10
  8310 | D:8      | Found the +5 scythe "Finisher" {speed, eviscerate}
  8395 | D:8      | Found a deep blue altar of Sif Muna.
  8411 | D:8      | Noticed a +0 hand axe
  8411 | D:8      | Noticed a +0 hand axe
  8412 | D:8      | Found a hide-covered altar of Uskayaw.
  8452 | D:8      | Found a sand-covered staircase.
  8457 | Ossuary  | Entered an ossuary
  8646 | Ossuary  | Reached ** piety under Makhleb
  9822 | D:10     | Entered Level 10 of the Dungeon
 10103 | D:10     | Reached *** piety under Makhleb
 10116 | D:10     | Reached skill level 11 in Long Blades
 10276 | D:10     | Found a staircase to the Lair.
 10284 | D:10     | Found a staircase to the Orcish Mines.
 10701 | D:10     | Gained mutation: You may emit foul miasma when damaged in
                  | melee. [demonic ancestry]
 10701 | D:10     | Reached XP level 11. HP: 77/86 MP: 11/11
 11141 | D:11     | Reached **** piety under Makhleb
 11193 | D:11     | Found a sparkling altar of Nemelex Xobeh.
 11283 | D:11     | Noticed a cyan ugly thing
 11294 | D:11     | Killed a cyan ugly thing
 11792 | D:11     | Noticed an eight-headed hydra
 11799 | D:11     | Killed a 12-headed hydra
 11799 | D:11     | Reached skill level 12 in Long Blades
 12295 | D:12     | Found a glowing golden altar of the Shining One.
 12826 | Lair:1   | Entered Level 1 of the Lair of Beasts
 12843 | Lair:1   | Reached skill level 1 in Invocations
 12879 | Lair:1   | Noticed a seven-headed hydra
 12888 | Lair:1   | Killed a 12-headed hydra
 12990 | Lair:1   | Identified a scroll of acquirement
 13057 | Lair:1   | Reached ***** piety under Makhleb
 13071 | Lair:1   | Reached XP level 12. HP: 92/96 MP: 13/13
 13125 | Lair:1   | Noticed Gastronok
 13138 | Lair:1   | Killed Gastronok
 13900 | Lair:2   | Found a staircase to the Shoals.
 13902 | Lair:2   | Reached skill level 13 in Long Blades
 14171 | Lair:2   | Found a hole to the Spider Nest.
 15766 | Lair:4   | Reached skill level 5 in Invocations
 15779 | Lair:4   | Reached skill level 10 in Fighting
 15793 | Lair:4   | Gained mutation: You have a pair of large horns on your
                  | head. [demonic ancestry]
 15793 | Lair:4   | Reached XP level 13. HP: 106/106 MP: 16/16
 16014 | Lair:4   | Reached skill level 14 in Long Blades
 16856 | Lair:5   | Noticed Snorg
 16866 | Lair:5   | Killed Snorg
 16896 | Lair:5   | Noticed Sonja
 16919 | Lair:5   | Killed Sonja
 17225 | Lair:5   | Noticed Laem's ghost (journeyman DrFE)
 17463 | Lair:5   | Found a viscous altar of Jiyva.
 17463 | Lair:5   | Found a staircase to the Slime Pits.
 17515 | Lair:5   | Found a transporter.
 17517 | Lair:5   | Found a transporter.
 17960 | D:13     | Found a gate to the Vaults.
 18159 | D:13     | Reached ****** piety under Makhleb
 19414 | D:14     | Gained mutation: You are mostly covered in rugged brown
                  | scales. (AC +2, +5% HP) [demonic ancestry]
 19414 | D:14     | Reached XP level 14. HP: 106/118 MP: 19/19
 20062 | D:15     | Entered Level 15 of the Dungeon
 20210 | D:15     | Reached skill level 10 in Armour
 20993 | D:15     | Found a staircase to the Depths.
 21608 | Orc:1    | Entered Level 1 of the Orcish Mines
 21770 | Orc:2    | Entered Level 2 of the Orcish Mines
 21910 | Orc:2    | Reached skill level 15 in Long Blades
 21923 | Orc:2    | Noticed Saint Roka
 22401 | Orc:2    | Found a staircase to the Elven Halls.
 23327 | Orc:2    | HP: 5/121 [Saint Roka/divine providence (10)]
 23334 | Orc:2    | Killed from afar by Saint Roka

Skill      XL: |  1  2  3  4  5  6  7  8  9 10 11 12 13 14 |
---------------+-------------------------------------------+-----
Long Blades    | 3 4 5 6 7 8 10 11 12 13 14 15 | 15.0
Dodging        | 3 4 5 6 7 8 9 |  9.1
Armour         | 1 2 4 5 7 8 9 10 | 10.4
Fighting       | 3 4 5 6 7 8 10 11 12 | 12.5
Invocations    | 2 5 7 8 |  8.3
Throwing       | |  1.8

Action                   |  1- 3 |  4- 6 |  7- 9 | 10-12 | 13-15 || total
-------------------------+-------+-------+-------+-------+-------++-------
Melee: Long sword        |   118 |   213 |   342 |   153 |       ||   826
       Kick              |       |       |   117 |   161 |       ||   278
       Headbutt          |       |       |    42 |   224 |   239 ||   505
       Scimitar          |       |       |       |   406 |   618 ||  1024
       Great sword       |       |       |       |     8 |       ||     8
Invok: Lesser Servant of |       |       |       |       |     4 ||     4
 Abil: Evoke Berserk Rag |       |       |       |     1 |       ||     1
  Use: Scroll            |     6 |     6 |    11 |    19 |    13 ||    55
       Potion            |     2 |     3 |     6 |     4 |    11 ||    26
 Stab: Distracted        |       |     1 |     4 |     4 |    10 ||    19
       Sleeping          |       |       |     1 |       |       ||     1
  Eat: Chunk             |     3 |     6 |     8 |     7 |     2 ||    26
       Ration            |       |       |     3 |     8 |     7 ||    18
Armor: Leather armour    |    11 |       |       |       |       ||    11
       Scale mail        |    11 |    75 |   110 |   224 |   305 ||   725
       Skin              |       |    12 |       |       |       ||    12
       Robe              |       |       |     3 |       |       ||     3
Dodge: Dodged            |    80 |   210 |   279 |   503 |   704 ||  1776
       Rpst.: Long sword |    23 |    75 |    78 |    26 |       ||   202
       Scimitar          |       |       |       |   111 |   122 ||   233
       Great sword       |       |       |       |     3 |       ||     3
